[Event "*** Titled Tuesday Blitz"]
[Site "Chess.com"]
[Date "2020.04.14"]
[Round "6"]
[White "Frolyanov_D"]
[Black "Zq1"]
[Result "1-0"]
[WhiteElo "2782"]
[BlackElo "2578"]
[TimeControl "180+1"]
[EndTime "11:02:48 PDT"]
[Termination "Frolyanov_D won by resignation"]

1. e4 c5 2. Nf3 d6 3. d4 cxd4 4. Nxd4 Nf6 5. Nc3 Nc6 6. Bg5 e6 7. Qd2 Be7 8. O-O-O O-O 9. f4 h6 10. Bh4 Qb6 11. Bf2 Qc7 12. Ndb5 Qa5 13. Be2 Rd8 14.
Kb1 a6 15. Nd4 e5 16. Nxc6 bxc6 17. Nd5 Qxd2 18. Nxe7+ Kf8 19. Rxd2 Nxe4 20. Nxc6 Nxd2+ 21. Kc1 Ne4 22. Be3 Re8 23. Bf3 f5 24. g4 exf4 25.
Bxf4 d5 26. gxf5 Bxf5 27. Rd1 Nf6 28. Bxd5 Nxd5 29. Rxd5 Be4 30. Rd6 Bxc6 31. Rxc6 Re2 32. b4 Kg8 33. a4 Re4 34. Bd6 a5 35. b5 Rxa4 36. b6 Re8 37. b7 Re1+ 38. Kb2 1-0

[Event "*** Titled Tuesday Blitz"]
[Site "Chess.com"]
[Date "2020.04.14"]
[Round "6"]
[White "theblitzchamp"]
[Black "trickytock"]
[Result "1-0"]
[WhiteElo "2677"]
[BlackElo "2512"]
[TimeControl "180+1"]
[EndTime "11:02:48 PDT"]
[Termination "theblitzchamp won on time"]

1. e4 e5 2. Nf3 Nc6 3. Bb5 a6 4. Ba4 Nf6 5. Qe2 b5 6. Bb3 Bc5 7. c3 O-O 8. d3 h6 9. Nbd2 d6 10. Nf1 Be6 11. Bc2 d5 12. Ng3 dxe4 13. Nxe4 Nxe4 14.
Qxe4 Bd5 15. Qe2 Qf6 16. Be3 Bxf3 17. gxf3 Bd6 18. O-O-O a5 19. Rhg1 a4 20. Rg4 a3 21.
b3 b4 22. Rdg1 bxc3 23. d4 Nb4 24. dxe5 Qxe5 25. Bd4 1-0

[Event "*** Titled Tuesday Blitz"]
[Site "Chess.com"]
[Date "2020.04.14"]
[Round "6"]
[White "mphofmann"]
[Black "BillCoe"]
[Result "1-0"]
[WhiteElo "2265"]
[BlackElo "2064"]
[TimeControl "180+1"]
[EndTime "11:02:48 PDT"]
[Termination "mphofmann won by resignation"]

1. b3 e5 2. Bb2 d6 3. e3 Nf6 4.
c4 g6 5. Nf3 Bg7 6. d4 exd4 7.
Nxd4 O-O 8. Be2 Bd7 9. Nc3 Nc6 10. O-O Nxd4 11. exd4 c6 12. d5 c5 13. Qd2 Bf5 14.
Rfe1 Qd7 15. f3 Rfe8 16. g4 Nxg4 17. fxg4 Bxg4 18. Bxg4 Qxg4+ 19. Qg2 Qd4+ 20. Kh1 Re3 21. Na4 Qf4 22. Bxg7 Kxg7 23. Rxe3 Qxe3 24. Rf1 Re8 25. Qf3 f5 26. Nc3 Qd2 27. Nb5 Re2 28. Qc3+ Qxc3 29.
Nxc3 Rc2 30. Nb5 Rxa2 31. Nxd6 b6 32. Rd1 f4 33. Ne4 Re2 34. d6 f3 35. d7 Rxe4 36.
d8=Q f2 37. Kg2 Re1 38. Kxf2 1-0

[Event "*** Titled Tuesday Blitz"]
[Site "Chess.com"]
[Date "2020.04.14"]
[Round "6"]
[White "RaunakSadhwani2005"]
[Black "Fh2411"]
[Result "0-1"]
[WhiteElo "2789"]
[BlackElo "2546"]
[TimeControl "180+1"]
[EndTime "11:02:50 PDT"]
[Termination "Fh2411 won by resignation"]

1. c4 c6 2. Nf3 d5 3. e3 Nf6 4. Nc3 a6 5. b3 Bf5 6. Bb2 e6 7. Be2 Nbd7 8. O-O h6 9. a4 Be7 10. d4 O-O 11. Ne1 Bb4 12. Nd3 Bd6 13. Ba3 Bxa3 14.
Rxa3 Qe7 15. Ra1 Bxd3 16. Bxd3 e5 17. cxd5 exd4 18. exd4 Nxd5 19. Nxd5 cxd5 20. Qf3 Nf6 21. Rfe1 Qb4 22. Rad1 Rfe8 23. Re5 Kf8 24. Bf5 Re7 25. h3 Rae8 26. Qg3 Qd6 27. f4 Ne4 28. Qf3 f6 29.
Bg6 Qb6 30. Kh2 fxe5 31. fxe5+ Kg8 32. Bxe8 Rxe8 33. Rf1 Qe6 34. Qd3 Rf8 35. Rc1 Rf7 36. Qe3 Kh7 37. Rc2 Qg6 38. Re2 Qg5 39. Qd3 Qf4+ 40.
Kg1 Qf1+ 41. Kh2 Rf2 0-1

[Event "*** Titled Tuesday Blitz"]
[Site "Chess.com"]
[Date "2020.04.14"]
[Round "6"]
[White "Nastya_Rakhmangulova"]
[Black "Xeniya2005"]
[Result "0-1"]
[WhiteElo "2385"]
[BlackElo "2204"]
[TimeControl "180+1"]
[EndTime "11:02:50 PDT"]
[Termination "Xeniya2005 won by resignation"]

1. e4 c5 2. Nf3 Nc6 3. d4 cxd4 4. Nxd4 Nf6 5. Nc3 e6 6. Ndb5 Bc5 7. Bf4 O-O 8. Bc7 Qe7 9. Bd6 Bxd6 10. Nxd6 e5 11. Nf5 Qb4 12. a3 Qb6 13. Bc4 d5 14. Bxd5 Bxf5 15. Bxc6 Qxc6 16. exf5 Qxg2 17. Rf1 Qxh2 18.
Qe2 Qf4 19. Rg1 Rad8 20. f3 Qxf5 21. Qg2 g6 22. Ne4 Nxe4 23. fxe4 Qf4 24. Qe2 Rd4 25. Rg4 Qf6 26. c3 Rd6 27. Rd1 Rfd8 28. Rxd6 Rxd6 29.
Qb5 h5 30. Rg2 Qf4 31. Qe2 Qc1+ 0-1

[Event "*** Titled Tuesday Blitz"]
[Site "Chess.com"]
[Date "2020.04.14"]
[Round "6"]
[White "ChessicallyInclined"]
[Black "farzadbfd"]
[Result "0-1"]
[WhiteElo "2586"]
[BlackElo "2744"]
[TimeControl "180+1"]
[EndTime "11:02:51 PDT"]
[Termination "farzadbfd won on time"]

1. d4 d5 2. c4 e6 3. Nc3 Be7 4. cxd5 exd5 5. Bf4 c6 6. e3 Nf6 7. Bd3 O-O 8. Qc2 a5 9. Nge2 Na6 10. a3 Nc7 11. h3 h6 12. g4 Nfe8 13. O-O-O b5 14. Nb1 Bd7 15. Nd2 a4 16. Nf3 b4 17. axb4 a3 18. Ne5 Bxb4 19. b3 Nb5 20. Kb1 a2+ 21. Ka1 Ned6 22. h4 Be8 23. g5 h5 24. g6 fxg6 25.
Bg5 Qa5 26. Nxg6 Bxg6 27. Bxg6 Rxf2 28. Qxc6 Rxe2 29. Qxd5+ Kh8 0-1

[Event "*** Titled Tuesday Blitz"]
[Site "Chess.com"]
[Date "2020.04.14"]
[Round "6"]
[White "Kimster98"]
[Black "CarlosAlbornoz"]
[Result "0-1"]
[WhiteElo "2540"]
[BlackElo "2717"]
[TimeControl "180+1"]
[EndTime "11:02:51 PDT"]
[Termination "CarlosAlbornoz won by resignation"]

1. d4 Nf6 2. Bf4 g6 3. Nc3 d5 4. e3 Bg7 5. h4 h5 6. Nf3 Bg4 7. Qd2 Bxf3 8. gxf3 O-O 9. O-O-O Nbd7 10. e4 e6 11. Rg1 c5 12. dxc5 Nxc5 13. exd5 Nxd5 14. Nxd5 exd5 15. Qxd5 Qf6 16. Be5 Qxe5 17. Qxe5 Bxe5 18. Rd5 Bf4+ 19. Kb1 Rfd8 20. Bc4 Rxd5 21. Bxd5 Rd8 22. c4 Kg7 23. Kc2 b6 24. b4 Ne6 25. Re1 Kf6 26. Kc3 Be5+ 27. Kc2 Nd4+ 28. Kb1 Nf5 29. Re4 b5 30. f4 Bc7 31. Kc2 bxc4 32. Bxc4 Bb6 33. a4 Bxf2 34. a5 Bxh4 35. b5 Bf2 36.
Re2 Nd4+ 37. Kd3 Nxe2+ 38. Kxe2 Bc5 39. b6 Bxb6 40. a6 0-1

[Event "*** Titled Tuesday Blitz"]
[Site "Chess.com"]
[Date "2020.04.14"]
[Round "6"]
[White "tgpgoat"]
[Black "diskeleven"]
[Result "0-1"]
[WhiteElo "2105"]
[BlackElo "2333"]
[TimeControl "180+1"]
[EndTime "11:02:53 PDT"]
[Termination "diskeleven won by resignation"]

1. e4 c5 2. Nf3 e6 3. d4 cxd4 4. Nxd4 a6 5. Bd3 Nf6 6. Be3 Qc7 7. O-O Bc5 8. Nc3 d6 9. Qe2 O-O 10. Kh1 b5 11. Nb3 Bxe3 12. Qxe3 Nbd7 13. f4 Bb7 14. Rae1 b4 15. Ne2 d5 16. e5 Ne4 17. Ng3 Nxg3+ 18. Qxg3 g6 19. Nd4 Rae8 20. h4 Qc5 21. Nf3 d4 22. h5 Kg7 23. Qg5 Qe7 24. Qg3 Bxf3 25. Rxf3 Nc5 26. hxg6 hxg6 27. Kg1 Rh8 28. Kf2 Rc8 29. Rg1 Nxd3+ 30. Rxd3 Rxc2+ 31. Kf3 Qb7+ 32. Kg4 Qe4 33. Re1 Qf5+ 34. Kf3 Rd8 35. Re2 Qxd3+ 0-1

[Event "*** Titled Tuesday Blitz"]
[Site "Chess.com"]
[Date "2020.04.14"]
[Round "6"]
[White "Alopekos"]
[Black "Trickov"]
[Result "0-1"]
[WhiteElo "2415"]
[BlackElo "2279"]
[TimeControl "180+1"]
[EndTime "11:02:56 PDT"]
[Termination "Trickov won on time"]

1. e4 c5 2. Nc3 Nc6 3. Nge2 d6 4. d4 cxd4 5. Nxd4 Nf6 6. Bg5 e6 7.
Qd2 a6 8. O-O-O Qb6 9. Be3 Qc7 10. f3 Be7 11. g4 b5 12. Bd3 Bb7 13. Kb1 Ne5 14.
h4 Nfd7 15. g5 Nb6 16. b3 Rc8 17. Nce2 Nbc4 18. Qc1 Nxe3 19. Qxe3 Qb6 20. Ka1 Nc4 21. bxc4 bxc4 22. Rb1 Qa7 23. Nf5 Qxe3 24. Nxe3 cxd3 25. cxd3 Bc6 26. Nd4 Bd7 27. Rb7 h6 28. Nc4 hxg5 29.
Nb6 Rd8 30. Nxd7 Rxd7 31. Rb8+ Rd8 32. Rxd8+ Bxd8 33. Nc6 Bf6+ 34. Kb1 gxh4 35. d4 Kd7 36. d5 exd5 37. exd5 Re8 38. Rh2 Re1+ 39. Kc2 Rf1 40. Kd3 Rxf3+ 41. Ke4 Ra3 42. Rb2 Ra4+ 0-1

[Event "*** Titled Tuesday Blitz"]
[Site "Chess.com"]
[Date "2020.04.14"]
[Round "6"]
[White "GMMatamoros"]
[Black "MiroVlasenko"]
[Result "0-1"]
[WhiteElo "2502"]
[BlackElo "2670"]
[TimeControl "180+1"]
[EndTime "11:02:57 PDT"]
[Termination "MiroVlasenko won on time"]

1. Nf3 Nc6 2. d4 d5 3. Nbd2 Bf5 4. a3 e6 5. e3 Nf6 6. c4 Be7 7. b4 O-O 8. Bb2 Ne4 9. Rc1 Bf6 10. Be2 a5 11. b5 Ne7 12. O-O g5 13. cxd5 exd5 14. a4 Ng6 15. Nb3 Qd6 16. Ne1 Be7 17. Nd3 Rfe8 18. Ndc5 b6 19. Nd3 Qd7 20. Rc6 Bd6 21.
Qa1 g4 22. Rfc1 h5 23. Ne5 Qe7 24. Qa2 Rad8 25. Na1 Qh4 26. g3 Qg5 27. Ba3 Nxe5 28. dxe5 Bxe5 29. Bb2 Nxf2 30. Kxf2 Bxg3+ 31. Kxg3 Qxe3+ 32. Kh4 Qxe2 33. Rh6 d4 0-1

[Event "*** Titled Tuesday Blitz"]
[Site "Chess.com"]
[Date "2020.04.14"]
[Round "6"]
[White "Harut-1998"]
[Black "BIG_Pirate"]
[Result "1-0"]
[WhiteElo "2587"]
[BlackElo "2386"]
[TimeControl "180+1"]
[EndTime "11:02:57 PDT"]
[Termination "Harut-1998 won by resignation"]

1. d4 d5 2. c4 c6 3. cxd5 cxd5 4.
Bg5 Nc6 5. Nc3 Qa5 6. e3 Bf5 7. Qb3 Nb4 8. Bb5+ Kd8 9. Rc1 f6 10. a3 Nd3+ 11. Kd2 e6 12. Bxd3 Bxd3 13. Qxb7 Rc8 14.
Kxd3 fxg5 15. Nf3 Qc7 16. Qxc7+ Rxc7 17. Nxg5 Ke7 18. Nxd5+ 1-0

[Event "*** Titled Tuesday Blitz"]
[Site "Chess.com"]
[Date "2020.04.14"]
[Round "6"]
[White "jonaszmb"]
[Black "avantage_ru"]
[Result "0-1"]
[WhiteElo "2411"]
[BlackElo "2581"]
[TimeControl "180+1"]
[EndTime "11:02:57 PDT"]
[Termination "avantage_ru won by resignation"]

1. e4 d6 2. d4 Nf6 3. f3 c5 4. d5 g6 5. c4 Bg7 6. Nc3 O-O 7. Be3 e6 8. Qd2 exd5 9. cxd5 b6 10. Bh6 Nxe4 11.
Nxe4 Qh4+ 12. g3 Qxh6 13. Qxh6 Bxh6 14. Nxd6 Nd7 15. f4 Nf6 16. Bg2 Ba6 17. O-O-O Rad8 18. Ne4 Nxe4 19. Bxe4 Rfe8 20. Bg2 Bg7 21. Nf3 Re2 22. Bf1 Bxb2+ 23. Kb1 Bf6 24. Nd2 Rxd5 25. Bxe2 Bxe2 26.
Kc2 Bxd1+ 27. Rxd1 Kf8 28. Re1 Be7 29. Nc4 f6 30. a3 b5 31. Ne3 Rd4 32. Kb3 c4+ 33. Kb2 Rd2+ 34. Kc3 Rd3+ 35. Kb2 Bxa3+ 36. Kc2 Bc5 37.
Nd1 Kf7 38. Re2 a5 39. Nb2 Rd8 40. g4 a4 41. f5 gxf5 42. gxf5 a3 43. Nd1 b4 44. Re6 b3+ 45. Kc3 a2 46. h4 a1=Q+ 47. Nb2 Bd4+ 48. Kxc4 Qxb2 49. h5 Qc3+ 50. Kb5 Rb8+ 0-1

[Event "*** Titled Tuesday Blitz"]
[Site "Chess.com"]
[Date "2020.04.14"]
[Round "6"]
[White "BasilSmash"]
[Black "IljaZaragatski"]
[Result "1-0"]
[WhiteElo "2402"]
[BlackElo "2497"]
[TimeControl "180+1"]
[EndTime "11:02:57 PDT"]
[Termination "BasilSmash won by checkmate"]

1. d4 Nf6 2. Nf3 c5 3. d5 b5 4. c3 g6 5. e4 Nxe4 6. Bxb5 Bg7 7. O-O O-O 8. Re1 Nf6 9. c4 d6 10. Nc3 Bd7 11. Bg5 a6 12. Ba4 Bxa4 13. Qxa4 Nbd7 14.
Qc2 Rb8 15. Re2 Re8 16. Rae1 Rb7 17. h3 Kf8 18. b3 Qa5 19. Bd2 Qc7 20. Ng5 h6 21.
Ne6+ fxe6 22. dxe6 Kg8 23. Qxg6 Nf8 24. Qf7+ Kh8 25. Ne4 Nxe4 26. Rxe4 Qc8 27. Rg4 Ng6 28. Qxg6 Rg8 29. Bxh6 Bxh6 30. Qxh6# 1-0

[Event "*** Titled Tuesday Blitz"]
[Site "Chess.com"]
[Date "2020.04.14"]
[Round "6"]
[White "Buffy7"]
[Black "Pomegranate988"]
[Result "1/2-1/2"]
[WhiteElo "2643"]
[BlackElo "2505"]
[TimeControl "180+1"]
[EndTime "11:02:58 PDT"]
[Termination "Game drawn by agreement"]

1. d4 Nf6 2. c4 g6 3. Nc3 d5 4.
cxd5 Nxd5 5. e4 Nxc3 6. bxc3 Bg7 7. Nf3 O-O 8. Be3 c5 9. Be2 cxd4 10. cxd4 Qa5+ 11. Bd2 Qd8 12. Rc1 Bg4 13. d5 Nd7 14.
O-O Rc8 15. Be3 Qa5 16. Qb3 Bxf3 17. Bxf3 b6 18. h4 Nc5 19. Qc2 h5 20. Be2 Qa3 21. Bb5 Qb4 22. Qc4 Qxc4 23. Rxc4 Nb7 24. Rxc8 Rxc8 25.
Ba6 Rc7 26. Bf4 Nd6 27. e5 Nf5 28. d6 exd6 29. exd6 Rd7 30. Bc8 Rxd6 31. Bxf5 Rf6 32. Bxg6 fxg6 33. Bb8 Rf7 34. Rd1 1/2-1/2

[Event "*** Titled Tuesday Blitz"]
[Site "Chess.com"]
[Date "2020.04.14"]
[Round "6"]
[White "JozefKneht"]
[Black "2nd_life"]
[Result "1-0"]
[WhiteElo "2600"]
[BlackElo "2419"]
[TimeControl "180+1"]
[EndTime "11:02:58 PDT"]
[Termination "JozefKneht won on time"]

1. e4 e5 2. Nf3 Nc6 3. Bb5 a6 4. Ba4 Nf6 5. O-O Be7 6. Re1 b5 7. Bb3 d6 8. c3 O-O 9. h3 Bb7 10. d4 Re8 11. Nbd2 Bf8 12. a4 h6 13. Bc2 exd4 14.
cxd4 Nb4 15. Bb1 c5 16. d5 Nd7 17. Ra3 c4 18. Nd4 Qb6 19. Nf5 g6 20. Rg3 Ne5 21.
Nf3 Nbd3 22. Be3 Nxf3+ 23. gxf3 Qa5 24. Bxd3 cxd3 25. Nxh6+ Bxh6 26. Bxh6 Bxd5 27. Bd2 Qxa4 28. exd5 Re2 29. Qxa4 bxa4 30. Rxe2 dxe2 31. f4 Rb8 32. Re3 Rxb2 33. Rxe2 Kh7 34. Kf1 a3 35. Bc3 Rb3 36. Bf6 1-0

[Event "*** Titled Tuesday Blitz"]
[Site "Chess.com"]
[Date "2020.04.14"]
[Round "6"]
[White "jposthuma"]
[Black "Everyfishknows"]
[Result "1-0"]
[WhiteElo "2577"]
[BlackElo "2354"]
[TimeControl "180+1"]
[EndTime "11:02:59 PDT"]
[Termination "jposthuma won on time"]

1. d4 Nf6 2. c4 e6 3. g3 Bb4+ 4. Nd2 O-O 5. Bg2 d5 6. Nf3 Nbd7 7. O-O b6 8. cxd5 exd5 9. Ne5 Bb7 10. Ndf3 Bd6 11. Bf4 Nh5 12. Nxd7 Qxd7 13. Bxd6 Qxd6 14. Rc1 Nf6 15. Qc2 Rac8 16. Rfd1 c5 17. Qa4 a6 18. dxc5 bxc5 19. Qa5 Rfd8 20. Rc2 d4 21.
Rdc1 Nd7 22. b4 Be4 23. bxc5 Qd5 24. Rd2 Nxc5 25. Rxd4 1-0

[Event "*** Titled Tuesday Blitz"]
[Site "Chess.com"]
[Date "2020.04.14"]
[Round "6"]
[White "WinningButNotReally"]
[Black "ARMQUEEN"]
[Result "0-1"]
[WhiteElo "2409"]
[BlackElo "2260"]
[TimeControl "180+1"]
[EndTime "11:02:59 PDT"]
[Termination "ARMQUEEN won on time"]

1. c4 c5 2. Nf3 Nf6 3. Nc3 Nc6 4. g3 g6 5. Bg2 Bg7 6. O-O O-O 7. d4 cxd4 8. Nxd4 Qa5 9. e4 d6 10. Nb3 Qb4 11. Qe2 Ne5 12. Nd5 Nxd5 13. cxd5 Bg4 14. f3 Bd7 15. Bd2 Qb6+ 16. Be3 Qb4 17. Qd2 Qa4 18. Bd4 Rfc8 19. Rfc1 Nc4 20. Qe2 Bxd4+ 21. Nxd4 Ne5 22. Qd2 Rc4 23. b3 Rxd4 24. Qe3 Qb4 25. h3 Qd2 26. Qxd2 Rxd2 27. Rc7 Rc8 28.
Rac1 Rxc7 29. Rxc7 Bb5 30. Rxb7 a6 31. a4 Be2 32.
Rxe7 Bxf3 33. Bf1 Bxe4 34. Bxa6 Nf3+ 35. Kf1 Ne5 36. Be2 Rb2 37. Rb7 Kg7 38. a5 Nd3 39. a6 Rb1+ 0-1

[Event "*** Titled Tuesday Blitz"]
[Site "Chess.com"]
[Date "2020.04.14"]
[Round "6"]
[White "Vincent_Vega95"]
[Black "TheCount"]
[Result "1-0"]
[WhiteElo "2778"]
[BlackElo "2599"]
[TimeControl "180+1"]
[EndTime "11:03:00 PDT"]
[Termination "Vincent_Vega95 won on time"]

1. Nf3 Nf6 2. c4 g6 3. Nc3 d5 4. d4 Bg7 5. cxd5 Nxd5 6. e4 Nxc3 7. bxc3 c5 8. Be3 Nc6 9. Qd2 Qa5 10. Rc1 cxd4 11.
cxd4 O-O 12. Qxa5 Nxa5 13. Be2 f5 14. O-O fxe4 15. Ng5 Bf5 16. g4 Bd7 17. Nxe4 Bc6 18. Ng5 Rfc8 19. Bd2 b6 20. Bxa5 bxa5 21. Bc4+ Kf8 22.
Ne6+ Kf7 23. Nc7+ Kf6 24. Nxa8 Bxa8 25. Ba6 Rd8 26. Rc8 Rxc8 27. Bxc8 Kg5 28. Re1 Bf6 29. Be6 Bxd4 30. Rd1 Bc5 31. Bd5 1-0

[Event "*** Titled Tuesday Blitz"]
[Site "Chess.com"]
[Date "2020.04.14"]
[Round "6"]
[White "pedromartinez91"]
[Black "GukeshDommaraju"]
[Result "0-1"]
[WhiteElo "2522"]
[BlackElo "2699"]
[TimeControl "180+1"]
[EndTime "11:03:00 PDT"]
[Termination "GukeshDommaraju won on time"]

1. e4 c5 2. Nf3 Nc6 3. d4 cxd4 4.
Nxd4 e6 5. Nc3 a6 6. Be2 Qc7 7.
O-O Nf6 8. Kh1 Bb4 9. Qd3 O-O 10. Bg5 Be7 11. f4 d6 12. Nxc6 bxc6 13. Rae1 Bb7 14. Qg3 Kh8 15. e5 Nd5 16. Bxe7 Nxe7 17. exd6 Qxd6 18. Ne4 Qd4 19. Bd3 Nf5 20. Qh3 c5 21. c3 Qd5 22. Rd1 Rad8 23. Ng5 h6 0-1

[Event "*** Titled Tuesday Blitz"]
[Site "Chess.com"]
[Date "2020.04.14"]
[Round "6"]
[White "imdvb6307"]
[Black "albi1999"]
[Result "0-1"]
[WhiteElo "2392"]
[BlackElo "2592"]
[TimeControl "180+1"]
[EndTime "11:03:00 PDT"]
[Termination "albi1999 won on time"]

1. c4 e5 2. b3 Nc6 3. Bb2 g6 4.
Nf3 Bg7 5. Nc3 d6 6. Nd5 Nge7 7.
d4 e4 8. Ng5 Nxd5 9. cxd5 Qxg5 10. dxc6 e3 11. fxe3 Qxe3 12. Qd2 Qe4 13. Rc1 bxc6 14.
Qc2 Qxc2 15. Rxc2 Bf5 16. Rd2 Kd7 17. Bc1 Rhe8 18. Rd1 a5 19. Kf2 a4 20. bxa4 Rxa4 21. e3 Rxa2+ 22. Rd2 Ra1 23. Bd3 Bxd3 24. Rxd3 Bh6 25.
Rdd1 Rxc1 26. Rxc1 Bxe3+ 27. Kf3 Bxc1 28. Rxc1 f5 29. Rc3 Re4 30. Rd3 h5 31. Kf2 h4 32. g3 hxg3+ 33. hxg3 Ke6 0-1

[Event "*** Titled Tuesday Blitz"]
[Site "Chess.com"]
[Date "2020.04.14"]
[Round "6"]
[White "Etoilegeniale"]
[Black "BabyFacedAssasin"]
[Result "1-0"]
[WhiteElo "2513"]
[BlackElo "2283"]
[TimeControl "180+1"]
[EndTime "11:03:00 PDT"]
[Termination "Etoilegeniale won by resignation"]

1. e4 e6 2. d4 d5 3. Nd2 c5 4. exd5 Qxd5 5. Ngf3 cxd4 6. Bc4 Qd8 7. O-O Nc6 8. Nb3 a6 9. Nbxd4 Nxd4 10. Nxd4 Qc7 11.
Qe2 Bd6 12. h3 Ne7 13. b3 b5 14. Bd3 Bb7 15. Bb2 e5 16. Nf3 O-O 17. Nxe5 Rae8 18. f4 Nc6 19. Qh5 g6 20. Ng4 Bc5+ 21. Kh1 Bd4 22.
Bxd4 Nxd4 23. Nf6+ Kg7 24. Nxe8+ Rxe8 25. Qg4 h5 26. Qg3 h4 27. Qf2 Qd7 28. f5 g5 29.
Rae1 f6 30. Rxe8 Qxe8 31. Qxd4 Qc6 32. Qf2 Qd5 33. Re1 Kf7 34. Be4 1-0

[Event "*** Titled Tuesday Blitz"]
[Site "Chess.com"]
[Date "2020.04.14"]
[Round "6"]
[White "StoreySniper"]
[Black "2165149677570"]
[Result "1-0"]
[WhiteElo "2514"]
[BlackElo "2305"]
[TimeControl "180+1"]
[EndTime "11:03:00 PDT"]
[Termination "StoreySniper won by resignation"]

1. g3 c5 2. Bg2 Nc6 3. c4 g6 4. Nf3 Bg7 5. Nc3 e5 6. d3 Nge7 7. h4 h6 8. Bd2 d6 9. Nd5 Nxd5 10. cxd5 Ne7 11. e4 Bg4 12. b4 cxb4 13. Bxb4 O-O 14. Qb3 f5 15. Nd2 b5 16. f3 Bh5 17. Qa3 Qb6 18.
Bxd6 Qe3+ 19. Kd1 fxe4 20. dxe4 Qf2 21. Bxe7 Qxg2 22. Re1 Rxf3 23. Nxf3 Bxf3+ 24. Kc1 Rc8+ 25. Bc5 Bf8 26. d6 Bxd6 27. Qb3+ Kg7 28. Kb1 Bxe4+ 29. Rxe4 Qxe4+ 30. Kb2 Rxc5 31. Rd1 Qe2+ 32. Kb1 Be7 33. g4 Rc4 34. a3 Qe4+ 35. Ka1 Rd4 36. Rf1 Rd3 37.
Qf7+ Kh8 38. Qe8+ 1-0

[Event "*** Titled Tuesday Blitz"]
[Site "Chess.com"]
[Date "2020.04.14"]
[Round "6"]
[White "Treacherous_horse64"]
[Black "GrafLermontov"]
[Result "0-1"]
[WhiteElo "2199"]
[BlackElo "2390"]
[TimeControl "180+1"]
[EndTime "11:03:00 PDT"]
[Termination "GrafLermontov won by resignation"]

1. Nf3 c5 2. d4 cxd4 3. Nxd4 Nc6 4. Nb3 g6 5. c4 Bg7 6. Nc3 Nf6 7. e3 O-O 8. Be2 d6 9. O-O Bd7 10. Nd4 Rc8 11. b3 a6 12. Bb2 Qa5 13. Rc1 Ne5 14.
Qd2 Kh8 15. Rfd1 b5 16. Qe1 bxc4 17. bxc4 Nxc4 18. Ba1 Ne5 19. a4 Rb8 20. Qd2 Rfc8 21. Qa2 e6 22. Nf3 Nxf3+ 23. Bxf3 d5 24. Rb1 h5 25.
Rdc1 Rxb1 26. Qxb1 Ng4 27. Qb7 Rc7 28. Qb8+ Kh7 29.
Qd8 Rxc3 0-1

[Event "*** Titled Tuesday Blitz"]
[Site "Chess.com"]
[Date "2020.04.14"]
[Round "6"]
[White "Witaliss"]
[Black "Bad_left_hook"]
[Result "1/2-1/2"]
[WhiteElo "2424"]
[BlackElo "2564"]
[TimeControl "180+1"]
[EndTime "11:03:01 PDT"]
[Termination "Game drawn by agreement"]

1. d4 Nf6 2. c4 g6 3. Nc3 d5 4.
cxd5 Nxd5 5. e4 Nxc3 6. bxc3 Bg7 7. Nf3 c5 8. Rb1 O-O 9. Be2 cxd4 10. cxd4 Qa5+ 11. Bd2 Qxa2 12. O-O Bg4 13. Bg5 h6 14. Bxe7 Re8 15. Rxb7 Nd7 16. Bc5 Nxc5 17. dxc5 Rad8 18. Qb3 Qxb3 19. Rxb3 Rxe4 20. Ba6 Be6 21. Rbb1 Bc4 22. Bxc4 Rxc4 23. Rfc1 Rxc1+ 24. Rxc1 a5 25. Kf1 a4 26. Rc4 Ra8 27. c6 a3 28. c7 Rc8 29. Ra4 Bb2 30. Ra7 Kf8 31. Nd2 Ke7 32. Nc4 Bd4 33. Rxa3 Rxc7 34.
Ne3 Bxe3 35. Rxe3+ Kf6 36. h4 h5 37. g3 Kg7 1/2-1/2

[Event "*** Titled Tuesday Blitz"]
[Site "Chess.com"]
[Date "2020.04.14"]
[Round "6"]
[White "StegariuVlad"]
[Black "Bambi2006"]
[Result "0-1"]
[WhiteElo "2577"]
[BlackElo "2442"]
[TimeControl "180+1"]
[EndTime "11:03:03 PDT"]
[Termination "Bambi2006 won by resignation"]

1. e4 c5 2. Nf3 Nc6 3. d4 cxd4 4. Nxd4 Nf6 5. Nc3 e5 6. Ndb5 d6 7. Bg5 a6 8. Na3 b5 9. Nd5 Be7 10. Bxf6 Bxf6 11. c3 Bg5 12. Be2 Rb8 13. Nc2 O-O 14. a4 bxa4 15. Ra2 a5 16. O-O Ne7 17. Nce3 Bd7 18. Nxe7+ Qxe7 19. Nd5 Qe6 20. Bc4 Rfc8 21. Qe2 g6 22. g3 Kg7 23. f4 exf4 24. gxf4 Bh6 25. f5 Qe5 26. Ba6 Rc5 27. c4 Bxf5 28.
Nc3 Be6 29. Rxa4 Bh3 30. Re1 Qg5+ 31. Kh1 Bg4 32. Qf2 Rxb2 33. Ne2 Bxe2 34. Rxe2 Rxe2 35.
Qxe2 Qc1+ 36. Kg2 Rg5+ 37. Kf3 Qh1+ 38. Ke3 Rg2+ 0-1

[Event "*** Titled Tuesday Blitz"]
[Site "Chess.com"]
[Date "2020.04.14"]
[Round "6"]
[White "Ovsiannikov_Maxim"]
[Black "GusKan67"]
[Result "1-0"]
[WhiteElo "2232"]
[BlackElo "2403"]
[TimeControl "180+1"]
[EndTime "11:03:03 PDT"]
[Termination "Ovsiannikov_Maxim won by resignation"]

1. d4 Nf6 2. Bg5 d5 3. Nc3 Nbd7 4. Nf3 h6 5. Bh4 e6 6. e4 dxe4 7. Nxe4 Be7 8. Nxf6+ Nxf6 9. Bd3 O-O 10. O-O b6 11. Qe2 Bb7 12. Rad1 Qd5 13. b3 Rfd8 14. c4 Qh5 15.
Bg3 c5 16. dxc5 Bxf3 17. Qxf3 Qxf3 18. gxf3 Bxc5 19. Be5 Nd7 20. Bc7 Rdc8 21. Be4 Rxc7 22. Bxa8 f5 23. Rd2 Nf6 24. Rfd1 a5 25. Kf1 Kf7 26.
Rd8 Ra7 27. Bc6 Rc7 28. Bb5 e5 29. Ke2 Re7 30. Bc6 g5 31. Bd5+ Kg6 32. h3 h5 33.
Rf8 g4 34. fxg4 hxg4 35. hxg4 Nxg4 36. Rg8+ Kf6 37. f3 Nh6 38. Rf8+ Kg7 39. Rd8 f4 40. Rg1+ Kf6 41. Rf8+ Nf7 42. Rh1 Kg7 43. Rxf7+ Rxf7 44. Bxf7 Kxf7 45. Kd3 Ke6 46. Ke4 Bd4 47. Rh6+ Kd7 48. Kd5 Ke7 49. Re6+ Kd7 50. Rxe5 1-0

[Event "*** Titled Tuesday Blitz"]
[Site "Chess.com"]
[Date "2020.04.14"]
[Round "6"]
[White "hypert"]
[Black "viktorskliarov"]
[Result "0-1"]
[WhiteElo "2496"]
[BlackElo "2649"]
[TimeControl "180+1"]
[EndTime "11:03:04 PDT"]
[Termination "viktorskliarov won by resignation"]

1. e4 c5 2. Nf3 Nc6 3. Bb5 e6 4. O-O Nge7 5. c3 a6 6. Ba4 b5 7. Bc2 d5 8. e5 d4 9. d3 Ng6 10. c4 Ncxe5 11. Nxe5 Nxe5 12. f4 Ng6 13. cxb5 axb5 14. Na3 Bd7 15. g4 Bd6 16. f5 Qh4 17. Qe2 Ne7 18. fxe6 fxe6 19. Bf4 e5 20. Bg3 Qh3 21.
Bxe5 Bxe5 22. Qxe5 Qxg4+ 23. Qg3 Qxg3+ 24. hxg3 Nd5 25. Bb3 Ne3 26. Rae1 Rf8 27. Rxf8+ Kxf8 28. Rc1 Rc8 29. Nc2 Nf5 30. Bd5 Nxg3 31. Kf2 Nf5 32.
Be4 g6 33. Bxf5 Bxf5 34. b4 cxb4 35. Ke2 Rc3 36. Kd2 Rxd3+ 37. Ke2 Rc3 38. Kd2 Rxc2+ 39. Rxc2 Bxc2 40. Kxc2 h5 0-1

[Event "*** Titled Tuesday Blitz"]
[Site "Chess.com"]
[Date "2020.04.14"]
[Round "6"]
[White "MPGM"]
[Black "Carnivoras"]
[Result "0-1"]
[WhiteElo "2463"]
[BlackElo "2634"]
[TimeControl "180+1"]
[EndTime "11:03:04 PDT"]
[Termination "Carnivoras won by resignation"]

1. c4 e6 2. Nc3 d5 3. d4 c6 4. e4 dxe4 5. Nxe4 Bb4+ 6. Bd2 Qxd4 7. Bxb4 Qxe4+ 8. Be2 c5 9. Bxc5 Qxg2 10. Bf3 Qg5 11. Qd6 Nd7 12. Ba3 Qe5+ 13. Ne2 Qxd6 14. Bxd6 Ne7 15. O-O-O Nf5 16. Ba3 f6 17. Rhg1 Kf7 18.
Nf4 Ne5 19. Be2 Bd7 20. Nd3 Nxd3+ 21. Bxd3 Bc6 22. Bxf5 exf5 23. f4 Rhe8 24. Rde1 Re4 25. b3 Rae8 26. Rxe4 Rxe4 27. Bd6 Re2 28. a4 Rxh2 29.
a5 h5 30. b4 a6 31. Bc5 h4 32. Rd1 h3 33. Rd3 Rh1+ 34. Kb2 Bg2 35. Rd7+ Kg6 36.
Bf8 h2 37. Rxg7+ Kh5 38. Rxg2 Rb1+ 39. Kc2 h1=Q 40. Rd2 Qe4+ 41. Kc3 Rc1+ 42. Kb2 Qb1+ 43. Ka3 Qa1+ 44. Ra2 Rc3+ 0-1